 Dungeon Crawl Stone Soup version 0.24.0-1-gfbc8707 (webtiles) character file.

Game seed: 16164615608353303871, levelgen mode: deterministic

1084 Fang the Skirmisher (level 8, -6/52 HPs)
             Began as a Gargoyle Berserker on Oct 31, 2019.
             Was a Priest of Trog.
             Mangled by an orc warrior
             ... wielding a +0 short sword
              (10 damage)
             ... on level 6 of the Dungeon.
             The game lasted 00:06:01 (5149 turns).

Fang the Skirmisher (Gargoyle Berserker)            Turns: 5149, Time: 00:06:02

Health: -6/52      AC: 15    Str: 23    XL:     8   Next: 30%
Magic:  8/8        EV: 10    Int:  8    God:    Trog [***...]
Gold:   295        SH:  0    Dex: 14    Spells: 7/7 levels left

rFire    . . .     SeeInvis .   a - +0 hand axe
rCold    . . .     Gourm    .   (no shield)
rNeg     + . .     Faith    .   b - +0 chain mail
rPois    ∞         Spirit   .   (no helmet)
rElec    +         Reflect  .   (no cloak)
rCorr    +         Harm     .   (no gloves)
MR       ++...                  (no boots)
Stlth    ..........             (no amulet)
HPRegen  1.17/turn              e - +5 ring of dexterity
MPRegen  0.11/turn              n - ring of resist corrosion

@: berserk cooldown, regenerating
A: negative energy resistance 1, electricity resistance, unbreathing,
petrification resistance, rot immunity, AC +5
a: Berserk, Trog's Hand, Renounce Religion


You were on level 6 of the Dungeon.
You worshipped Trog.
Trog was most pleased with you.
You were very hungry.

You visited 2 branches of the dungeon, and saw 7 of its levels.

You collected 295 gold pieces.

Inventory:

Hand Weapons
 a - a +0 hand axe (weapon)
Armour
 b - a +0 chain mail (worn)
Jewellery
 e - a +5 ring of dexterity (left hand)
 k - an uncursed ring of stealth
 n - a ring of resist corrosion (right hand)
Wands
 q - a wand of disintegration (17)
Scrolls
 d - 6 scrolls of remove curse {unknown}
 f - 3 scrolls of enchant weapon {unknown}
 g - 6 scrolls of teleportation {unknown}
 h - a scroll of amnesia {unknown}
 i - 2 scrolls of magic mapping {unknown}
 j - 5 scrolls of fog {unknown}
 l - 4 scrolls of identify {unknown}
 o - a scroll of blinking {unknown}
 p - 3 scrolls of enchant armour {unknown}
 u - a scroll of noise {unknown}
 v - a scroll of immolation {unknown}
Potions
 m - a potion of curing {unknown}
 r - a potion of haste {unknown}
 s - a potion of might {unknown}
Comestibles
 c - 9 rations
 t - a chunk of flesh


   Skills:
 * Level 6.7 Fighting
 * Level 5.6 Axes
 + Level 4.7 Armour
 + Level 3.5 Dodging


You had 7 spell levels left.
You didn't know any spells.
Your spell library was empty.

Dungeon Overview and Level Annotations

Branches:
Dungeon (6/15)             Temple (1/1) D:4

Altars:
Cheibriados
Elyvilon
Fedhas
Hepliaklqana
Makhleb
Nemelex Xobeh
Qazlal
Ru
Trog
Uskayaw
Vehumet
Wu Jian
The Shining One

Shops:
D:5 (


Innate Abilities, Weirdness & Mutations

You are resistant to torment.
Your stone body is resilient. (AC +5)
You are immune to poison.
You resist negative energy. (rN+)
You are resistant to electric shocks. (rElec)
You can survive without breathing.
You are immune to petrification.
You are immune to rotting.


Message History

The orc warrior hits you with a +0 short sword!
* * * LOW HITPOINT WARNING * * *
The black bear barely misses you. The black bear completely misses you.
The black bear closely misses you. The adder bites you but does no damage.
The orc priest hits you but does no damage.
The orc closely misses you.
You slash the orc!
You kill the orc!
Trog accepts your kill.
You hit the orc warrior but do no damage.
You miss the adder. You closely miss the black bear.
You barely miss the orc priest.
Your chain mail prevents you from hitting the orc.
The black bear bites you.
* * * LOW HITPOINT WARNING * * *
The black bear completely misses you.
The black bear claws you but does no damage.
The adder barely misses you.
The orc warrior hits you with a +0 short sword!
You die...

###........#### .
....#.........#...
##................
............###...
#......)...#
#..$......?###
#........h...#
#>......hSoo.#
#..###..o@#...# ##
#.#o)..>..#
.............
..../..........
..........##...
..........# ##.
...........
.........###


You could see an orc warrior, a black bear (berserk), a hound, an orc priest, an
adder and 2 orcs.

Vanquished Creatures
  A sky beast (D:5)
  A phantom (D:5)
  An ogre (D:5)
  A water moccasin skeleton (D:4)
  A crimson imp (D:2)
  5 orc priests
  2 hounds
  A jelly (D:5)
  An iguana (D:4)
  3 orc wizards
  5 worker ants
  5 adders
  7 river rats (D:5)
  4 worms
  4 dart slugs
  3 leopard geckos
  19 orcs
  5 bats
  4 giant cockroaches
  7 goblins
  14 hobgoblins
  14 jackals
  6 kobolds
  7 quokkas (D:5)
  5 frilled lizards
  A jackal zombie (D:5)
  18 rats
145 creatures vanquished.

Notes
Turn   | Place    | Note
-------+----------+-------------------------------------------
     0 | D:1      | Fang the Gargoyle Berserker began the quest for the Orb.
     0 | D:1      | Reached XP level 1. HP: 14/14 MP: 1/1
   105 | D:1      | Reached XP level 2. HP: 12/19 MP: 2/2
  1122 | D:2      | Reached XP level 3. HP: 23/23 MP: 3/3
  1182 | D:2      | Reached ** piety under Trog
  1341 | D:2      | Reached skill level 4 in Fighting
  1341 | D:2      | Reached XP level 4. HP: 19/29 MP: 4/4
  1904 | D:3      | Found a bloodstained altar of Trog.
  2107 | D:3      | Reached XP level 5. HP: 33/33 MP: 5/5
  2363 | D:3      | Found a faded altar of an unknown god.
  2710 | D:4      | Found a staircase to the Ecumenical Temple.
  2723 | Temple   | Entered the Ecumenical Temple
  2786 | D:4      | Reached XP level 6. HP: 12/40 MP: 6/6
  3081 | D:4      | Reached skill level 5 in Fighting
  3226 | D:4      | HP: 1/40 [orc wizard/magic dart (8)]
  3228 | D:4      | Reached XP level 7. HP: 1/44 MP: 7/7
  3744 | D:5      | Entered Level 5 of the Dungeon
  4036 | D:5      | Found Xesilo Vobb's Weapon Emporium.
  4062 | D:5      | Reached *** piety under Trog
  4062 | D:5      | Reached skill level 6 in Fighting
  4065 | D:5      | Reached skill level 5 in Axes
  4405 | D:5      | Reached XP level 8. HP: 51/51 MP: 8/8
  4884 | D:5      | Reached **** piety under Trog
  5149 | D:6      | Mangled by an orc warrior

Levels and vault maps discovered:
D:1:      roderic_crop_circles_arrival_large, layout_basic
D:2:      layout_loops_ring
D:3:      layout_loops_corners, bloody_trog, chequers_ecumenical_altar_island
D:4:      layout_rooms, minmay_temple_entry_proselytizer
D:5:      lemuel_ratsnest, layout_basic, serial_shops, shop, first_ration
D:6:      layout_rooms, uniq_prince_ribbit1
Temple:   nicolae_temple_no_exploring_needed

Skill      XL: |  1  2  3  4  5  6  7 |
---------------+----------------------+-----
Axes           | 3 4 5 |  5.6
Dodging        | 2 3 |  3.5
Fighting       | 4 5 6 |  6.7
Armour         | 3 4 |  4.7

Action                   |  1- 3 |  4- 6 |  7- 9 || total
-------------------------+-------+-------+-------++-------
Melee: Hand axe          |   141 |   203 |   230 ||   574
Invok: Trog's Hand       |     3 |       |     3 ||     6
       Berserk           |       |     3 |     3 ||     6
 Stab: Sleeping          |       |     3 |       ||     3
  Eat: Chunk             |     3 |     8 |     7 ||    18
       Ration            |       |       |     1 ||     1
Armor: Animal skin       |    85 |    58 |       ||   143
       Chain mail        |       |       |   203 ||   203
Dodge: Dodged            |   110 |   149 |   160 ||   419
